[Event "*** SCC Grand Prix: Titled Tuesday Blitz"]
[Site "Chess.com"]
[Date "2020.10.13"]
[Round "8"]
[White "rasmussvane"]
[Black "TigrVShlyape"]
[Result "0-1"]
[WhiteElo "2903"]
[BlackElo "2864"]
[TimeControl "180+1"]
[EndTime "11:34:07 PDT"]
[Termination "TigrVShlyape won by resignation"]

1. Nf3 Nf6 2. g3 g6 3. Bg2 Bg7 4. O-O O-O 5. d4 d5 6. c4 c6 7.
Qb3 Qb6 8. Nc3 Rd8 9. Bd2 dxc4 10. Qxc4 Be6 11. Qa4 Na6 12. Qa3 Qb4 13. Qxb4 Nxb4 14. e3 Nbd5 15. Na4 Ne4 16. Rfc1 Nxd2 17. Nxd2 Rab8 18.
Nc5 Bd7 19. Nc4 Be8 20. a3 b6 21.
Na6 Rbc8 22. Nb4 Nxb4 23. axb4 c5 24. bxc5 bxc5 25. d5 Rc7 26. Ra5 Rb8 27. Rca1 Bb5 28. d6 exd6 29. Nxd6 Bd3 30. Rxa7 Rxa7 31. Rxa7 Bxb2 32.
Bd5 Rd8 33. Bxf7+ Kh8 34. Nc4 Bc3 35. Rc7 Be4 36. f3 Bxf3 37. Rxc5 Kg7 38. Rc7 Kf6 39.
Kf2 Be4 40. Ke2 Bd3+ 41. Kf3 h5 42. h3 Bb4 43. g4 hxg4+ 44. hxg4 Be7 45. Bxg6 Bxg6 46.
g5+ Ke6 47. Rc6+ Kf5 48. Ne5 Be8 49. Rc7 Bd6 50. Nf7 Bxc7 51. Nxd8 Bxd8 52. g6 Bxg6 53.
e4+ Ke5 0-1

[Event "*** SCC Grand Prix: Titled Tuesday Blitz"]
[Site "Chess.com"]
[Date "2020.10.13"]
[Round "8"]
[White "davidkalashian"]
[Black "KaterynaLagno"]
[Result "1-0"]
[WhiteElo "2590"]
[BlackElo "2697"]
[TimeControl "180+1"]
[EndTime "11:34:10 PDT"]
[Termination "davidkalashian won by resignation"]

1. d4 Nf6 2. c4 g6 3. Nc3 d5 4.
Bf4 Bg7 5. e3 c5 6. dxc5 Qa5 7.
Rc1 dxc4 8. Bxc4 O-O 9. Nf3 Qxc5 10. Nb5 Qb4+ 11. Kf1 Na6 12. a3 Qa5 13. b4 Qd8 14. Qxd8 Rxd8 15. Ke2 Bd7 16. Rhd1 Rdc8 17. Nbd4 Ba4 18.
Re1 Ne4 19. Ne5 Nd6 20. Ba2 Nc7 21. Nxf7 Nxf7 22. Bxc7 Bxd4 23. exd4 Bc6 24. Bg3 Bxg2 25. Be6 Rxc1 26. Rxc1 Bc6 27. d5 Bb5+ 28. Ke3 Kf8 29. Rc7 Nd8 30. Rc8 Rxc8 31. Bxc8 Ke8 32. Bc7 b6 33.
Bb8 Bd7 34. Ba6 b5 35. Bxa7 Nf7 36. Kd4 Nd6 37. f3 Nc4 38. a4 Na3 39. a5 Nc2+ 40. Kc5 Ne3 41. Bxb5 Bxb5 42. Kxb5 Nxd5 43. Bd4 Kd7 44.
a6 Kc7 45. Be5+ Kc8 46. Kc5 e6 47. b5 1-0

[Event "*** SCC Grand Prix: Titled Tuesday Blitz"]
[Site "Chess.com"]
[Date "2020.10.13"]
[Round "8"]
[White "Evachess2006"]
[Black "midedu"]
[Result "0-1"]
[WhiteElo "1617"]
[BlackElo "2103"]
[TimeControl "180+1"]
[EndTime "11:34:10 PDT"]
[Termination "midedu won on time"]

1. e4 c5 2. c3 d5 3. exd5 Qxd5 4. d4 Nf6 5. Nf3 Nc6 6. Bb5 cxd4 7. Bxc6+ Qxc6 8.
cxd4 Bg4 9. Nc3 Rd8 10. Be3 e6 11. O-O Bd6 12. Qe2 O-O 13. Rac1 a6 14. h3 Bxf3 15. Qxf3 Qxf3 16. gxf3 b5 17. Ne4 Bb8 18. Nxf6+ gxf6 19. Bh6 Rfe8 20. Rc6 a5 21. Rc5 Rxd4 22. Rxb5 a4 23. Be3 Rc4 24. Kg2 f5 25. Rg1 f4 26. Kh2+ Kh8 27.
Bd2 e5 28. Bc3 f6 29. Ra5 Bd6 30. Rd5 Bb4 31. Rc1 Bxc3 32. Rxc3 Rb4 33. Rd2 Reb8 34. Rcc2 Kg7 35. Re2 Kg6 36. Kg2 Kf5 37. h4 Rg8+ 38. Kh3 Rg1 39. Red2 Rh1+ 40. Kg2 Rxh4 41. Re2 Rh6 42. a3 Rd4 43. Kf1 Rh1+ 44. Kg2 Rhd1 0-1

[Event "*** SCC Grand Prix: Titled Tuesday Blitz"]
[Site "Chess.com"]
[Date "2020.10.13"]
[Round "8"]
[White "Nikolakis2014"]
[Black "Supernotar"]
[Result "0-1"]
[WhiteElo "2744"]
[BlackElo "2846"]
[TimeControl "180+1"]
[EndTime "11:34:11 PDT"]
[Termination "Supernotar won by resignation"]

1. Nf3 c5 2. c4 Nc6 3. Nc3 g6 4. e3 Nf6 5. d4 cxd4 6. exd4 d5 7.
cxd5 Nxd5 8. Qb3 Nxc3 9. Bc4 e6 10. bxc3 Bg7 11. Ba3 Bf8 12. Bc1 Bg7 13. O-O O-O 14.
Be2 b6 15. Bg5 Qc7 16. Rac1 Bb7 17. Bh4 Rac8 18. Bg3 Qe7 19. Rfe1 Na5 20. Qb1 Rfd8 21. Ne5 Nc6 22. Nc4 Bf6 23. h3 Kg7 24. a4 Ba8 25. Bd3 Rd7 26. Ne3 Kg8 27. Be4 Bg7 28. d5 Nd8 29.
Qb5 Nb7 30. dxe6 fxe6 31. Ng4 Nd6 32. Bxd6 Rxd6 33. Bxa8 Rxa8 34. Re3 Rc8 35. Qe2 Qd7 36. c4 Rd8 37. Ne5 Bxe5 38. Rxe5 Qxa4 39. Rxe6 Rd1+ 40. Rxd1 Qxd1+ 41. Qxd1 Rxd1+ 42. Kh2 Kf7 43. Rc6 Ke7 44. c5 Kd7 45. Rf6 bxc5 46. Rf7+ Kd6 47. Rxa7 c4 48.
Rxh7 c3 49. Rh8 c2 50. Rc8 c1=Q 51. Rxc1 Rxc1 52. Kg3 Ke6 53. Kg4 Rc5 0-1

[Event "*** SCC Grand Prix: Titled Tuesday Blitz"]
[Site "Chess.com"]
[Date "2020.10.13"]
[Round "8"]
[White "Inga83"]
[Black "VladaSviridova"]
[Result "1-0"]
[WhiteElo "2406"]
[BlackElo "2253"]
[TimeControl "180+1"]
[EndTime "11:34:11 PDT"]
[Termination "Inga83 won by resignation"]

1. d4 d5 2. c4 c6 3. Nc3 Nf6 4. Nf3 dxc4 5. a4 Bf5 6. Nh4 e6 7. Nxf5 exf5 8. e3 Bb4 9. Bxc4 O-O 10. O-O Nbd7 11. Qb3 Qb6 12. Bd2 a5 13. Rad1 Rac8 14. h3 c5 15. Nb5 Bxd2 16. Rxd2 cxd4 17. Rxd4 Ne5 18. Be2 g6 19. Rfd1 Kg7 20. Rd6 Rc6 21. Rxc6 bxc6 22. Qc3 cxb5 23. Qxe5 Re8 24. Qxb5 Rb8 25.
Qxb6 Rxb6 26. Bb5 Ne4 27. Rd7 Kf6 28. Bc4 Nd6 29. Bd5 Ke5 30. Bxf7 Nxf7 31. Rxf7 h5 32. Ra7 Rxb2 33. Rxa5+ Kf6 34. h4 Ra2 35. Ra6+ Kf7 36. g3 Kg7 37. Kg2 Kf7 38. Kf3 Kg7 39. a5 Kf7 40.
Ra8 Kf6 41. a6 Kf7 42. a7 Kg7 43. e4 Ra3+ 44. Kf4 Ra4 45. f3 fxe4 46. fxe4 Ra5 47. e5 Ra4+ 48. Ke3 Kh7 49. Kd3 Kg7 50. Kc3 Ra5 51.
Kd4 Kh7 52. e6 Kg7 53. e7 Ra4+ 54. Kc5 Ra5+ 55. Kb6 Ra1 56. e8=Q 1-0

[Event "*** SCC Grand Prix: Titled Tuesday Blitz"]
[Site "Chess.com"]
[Date "2020.10.13"]
[Round "8"]
[White "wanyaland"]
[Black "pastouche06"]
[Result "0-1"]
[WhiteElo "2290"]
[BlackElo "2470"]
[TimeControl "180+1"]
[EndTime "11:34:15 PDT"]
[Termination "pastouche06 won by resignation"]

1. d4 d5 2. c4 e6 3. Nc3 a6 4. Nf3 dxc4 5. a4 Nc6 6. e3 Na5 7. Nd2 c5 8. dxc5 Bxc5 9. Nxc4 Qxd1+ 10.
Kxd1 Nb3 11. Rb1 Nf6 12. Kc2 Nxc1 13. Rxc1 Bd7 14. Be2 Rc8 15. Ne5 Bb4 16. Kb3 Bxc3 17. bxc3 Bc6 18. Nxc6 Rxc6 19. a5 Rc5 20. Kb4 Rg5 21.
Bf3 Ke7 22. Ka4 Nd7 23. Kb4 Rc8 24. c4 b6 25. axb6 a5+ 26. Ka3 Nxb6 27. c5 Rgxc5 28. Rxc5 Rxc5 29. Rb1 Nc4+ 30. Ka4 Nd6 31. Rb2 Rc1 32.
Be2 Ra1+ 33. Kb3 a4+ 34. Kb4 a3 35. Rc2 a2 36. Ka3 Rg1 37. Kxa2 Rxg2 38. Bf3 Rxh2 39.
Kb3 h5 40. Kb4 h4 41. Kc5 Nf5 42. Ra2 Kf6 43. e4 Ne7 44. Kd6 Ng6 45. Bg4 e5 46. Kd7 Nf4 47. Bf5 Nd3 48. Ra6+ Kg5 49. f3 Nc5+ 50. Ke7 Nxa6 51. Kxf7 h3 0-1

[Event "*** SCC Grand Prix: Titled Tuesday Blitz"]
[Site "Chess.com"]
[Date "2020.10.13"]
[Round "8"]
[White "Sacbutt"]
[Black "Grieve72"]
[Result "1/2-1/2"]
[WhiteElo "2299"]
[BlackElo "2453"]
[TimeControl "180+1"]
[EndTime "11:34:15 PDT"]
[Termination "Game drawn by repetition"]

1. e4 c5 2. Nf3 e6 3. d4 cxd4 4. c3 Nc6 5. cxd4 d5 6. e5 Bd7 7. Be2 Rc8 8. O-O f6 9. Nc3 Na5 10. Re1 Be7 11. Bd3 f5 12. g3 Nh6 13. Be3 Nc4 14. Qe2 Nf7 15. Rec1 O-O 16. b3 Nxe3 17. fxe3 Ng5 18. Nxg5 Bxg5 19. Nb5 Bxb5 20. Bxb5 Rf7 21. Bd3 Rfc7 22. Qd2 g6 23. Kf2 a6 24. Ke2 Rc6 25. Kd1 R8c7 26. Rxc6 Rxc6 27. Rc1 Qc7 28.
Rxc6 Qxc6 29. Ke2 Qb6 30. Qc2 Qd8 31. Qc5 Be7 32. Qc3 Kf7 33. a4 Ke8 34. b4 Kd7 35.
b5 Qb6 36. bxa6 bxa6 37. Kf3 a5 38. Bb5+ Kd8 39. Qc6 Qxc6 40. Bxc6 Kc7 41. Be8 Ba3 42. g4 Bc1 43. gxf5 gxf5 44. Bf7 Kd7 45. h4 Ke7 46.
Bh5 h6 47. Bg6 Bd2 48. Bh5 Bc1 49. Bg6 Bd2 50. Bh5 Bc3 51. Bg6 Bb2 52. Bh5 Kd7 53.
Bg6 Bc1 54. Bf7 Ke7 55. Bg6 1/2-1/2

[Event "*** SCC Grand Prix: Titled Tuesday Blitz"]
[Site "Chess.com"]
[Date "2020.10.13"]
[Round "8"]
[White "chessfrendz"]
[Black "blitzking1729"]
[Result "0-1"]
[WhiteElo "2389"]
[BlackElo "2552"]
[TimeControl "180+1"]
[EndTime "11:34:16 PDT"]
[Termination "blitzking1729 won on time"]

1. d4 d6 2. Nf3 Nf6 3. Nc3 g6 4. e4 Bg7 5. Be2 O-O 6. O-O c6 7. a4 Nbd7 8. Be3 Qc7 9. h3 e5 10. Re1 Re8 11. d5 cxd5 12. Nxd5 Nxd5 13. exd5 Nf6 14. c4 b6 15. Nd2 Bb7 16. b4 a5 17.
bxa5 bxa5 18. Rb1 Ba6 19. Bb6 Qe7 20. Bxa5 e4 21. Rb3 Nd7 22. Bb4 f5 23. Qc1 Rab8 24. Qa3 Be5 25. Reb1 h5 26. Bf1 h4 27. Qa2 Qg5 28.
c5 Bxf1 29. Nxf1 dxc5 30. Bd2 Qf6 31. Rxb8 Bxb8 32. d6+ Qe6 33. Qxe6+ Rxe6 34. Rb7 Rxd6 35. Bf4 Rb6 36. Rxb6 Nxb6 37. Bxb8 Nxa4 38. Ne3 Kf7 39. Kf1 Ke6 40. Ke2 g5 41. Bc7 f4 42. Ng4 Nc3+ 43.
Kd2 Nd5 44. Bd8 Kf5 45. Kc2 f3 46. gxf3 exf3 47. Kd2 Nf4 48. Ne3+ Kg6 49. Nf1 Nxh3 50. Ke3 Kf5 51. Nh2 Nf4 52. Nxf3 Ne6 53. Be7 h3 54.
Nh2 g4 55. Bd6 c4 0-1

[Event "*** SCC Grand Prix: Titled Tuesday Blitz"]
[Site "Chess.com"]
[Date "2020.10.13"]
[Round "8"]
[White "Bulldog167"]
[Black "Smirnov_Pavel"]
[Result "0-1"]
[WhiteElo "2758"]
[BlackElo "2849"]
[TimeControl "180+1"]
[EndTime "11:34:19 PDT"]
[Termination "Smirnov_Pavel won by resignation"]

1. d4 Nf6 2. c4 e6 3. Nf3 d5 4.
Nc3 c6 5. Bg5 h6 6. Bxf6 Qxf6 7.
Qc2 dxc4 8. e3 b5 9. a4 Bb7 10. axb5 cxb5 11. Nxb5 Bb4+ 12. Nc3 O-O 13. Be2 Nd7 14. O-O Rfc8 15. Rfc1 Qe7 16. Nd2 Nb6 17. Bf3 Bxf3 18. Nxf3 Qb7 19. Ne5 a5 20. Qe4 Qxe4 21.
Nxe4 Rab8 22. Rc2 f6 23. Nf3 Nd5 24. Rac1 f5 25. Ned2 c3 26. Nb1 a4 27. Kf1 Kh7 28.
bxc3 Bd6 29. c4 a3 30. Ra2 Rb2 31. Rxb2 axb2 32. Rc2 Nb4 33. Rxb2 Rxc4 34. Nbd2 Rc1+ 35. Ke2 Ra1 36. Ne1 Rxe1+ 37. Kxe1 Nd3+ 38. Kd1 Nxb2+ 39. Kc2 Na4 40. Nc4 Bc7 41. Kd3 Nb6 42. Nd2 Kg8 43.
h3 Kf7 44. f4 Kf6 45. g4 g5 46. Nf3 gxf4 47. e4 fxe4+ 48. Kxe4 Nd5 49. h4 Nc3+ 50.
Kd3 Nd5 51. Ke4 Bd6 52. Kd3 Kg6 53. Ke4 Nf6+ 0-1

[Event "*** SCC Grand Prix: Titled Tuesday Blitz"]
[Site "Chess.com"]
[Date "2020.10.13"]
[Round "8"]
[White "vaishali2001"]
[Black "Lagmantr"]
[Result "1-0"]
[WhiteElo "2596"]
[BlackElo "2718"]
[TimeControl "180+1"]
[EndTime "11:34:19 PDT"]
[Termination "vaishali2001 won by checkmate"]

1. d4 Nf6 2. Bf4 c5 3. e3 e6 4. Nf3 Be7 5. Nbd2 O-O 6. Bd3 b6 7. O-O Bb7 8. h3 d5 9. c3 Nbd7 10. Ne5 Nxe5 11. Bxe5 Ne4 12. Nxe4 dxe4 13. Bc4 Bd5 14.
Qe2 Bf6 15. Bxd5 exd5 16. Bxf6 Qxf6 17. Qb5 a6 18. Qb3 c4 19. Qa3 Qh6 20. b3 b5 21.
bxc4 dxc4 22. Qe7 Rae8 23. Qc7 f5 24. a4 f4 25. exf4 Rxf4 26. axb5 axb5 27. Ra7 Ref8 28. Qe5 b4 29. cxb4 c3 30. Rc7 R8f5 31. Rc8+ Rf8 32. Rxc3 Qg6 33. Rg3 Qh6 34. b5 R8f7 35. Qb8+ Rf8 36.
Qe5 R8f7 37. d5 Qb6 38. Qe8+ Rf8 39. Qe6+ Qxe6 40. dxe6 Re8 41. b6 Rxe6 42. Rb1 Rf8 43. b7 Rb8 44. Rc3 Ree8 45. Rc7 Rf8 46. Rd1 g6 47. Rdd7 e3 48. Rg7+ Kh8 49. Rxh7+ Kg8 50. Rcg7# 1-0

[Event "*** SCC Grand Prix: Titled Tuesday Blitz"]
[Site "Chess.com"]
[Date "2020.10.13"]
[Round "8"]
[White "W_Amadeus"]
[Black "valeriocarnicelli"]
[Result "1/2-1/2"]
[WhiteElo "2698"]
[BlackElo "2567"]
[TimeControl "180+1"]
[EndTime "11:34:19 PDT"]
[Termination "Game drawn by repetition"]

1. e4 e5 2. Nf3 Nc6 3. Bb5 g6 4.
d4 exd4 5. Bg5 Be7 6. Bxe7 Qxe7 7. O-O Nf6 8. Re1 O-O 9. e5 Nh5 10. c3 a6 11. Bf1 d3 12. Bxd3 d6 13. exd6 Qxd6 14.
Na3 Bg4 15. Be4 Qxd1 16. Raxd1 Nf6 17. Bxc6 bxc6 18. Nc4 Bxf3 19. gxf3 Rfe8 20. Na5 Rab8 21. Rxe8+ Rxe8 22. Nxc6 Re2 23. Rb1 Nd5 24. Kf1 Nf4 25. Nd4 Rd2 26. Nb3 Rc2 27. Nd4 Rd2 28. Nb3 Rd5 29. Nd4 c5 30. Ne2 Nxe2 31. Kxe2 Rh5 32. Rd1 c4 33. b4 Kg7 34. a4 Rxh2 35. Rd6 Rh1 36. Rxa6 h5 37. f4 h4 38. b5 Rb1 39.
Kf3 Rb3 40. b6 Rxc3+ 41. Kg2 h3+ 42. Kh2 Rb3 43. a5 c3 44. Ra7 Rb5 45. Rc7 Rxa5 46. Rxc3 Rb5 47. Kxh3 Rxb6 48. Kg3 Kf6 49. Re3 Rb4 50.
Re5 Rc4 51. f3 Kg7 52. Ra5 f6 53. Ra7+ Kh6 54. Ra6 Kg7 55. Ra7+ Kf8 56. Ra6 Ke7 57.
Ra7+ Ke6 58. Ra6+ Ke7 59. Ra7+ Kf8 60. Ra8+ Kg7 61. Ra7+ 1/2-1/2

[Event "*** SCC Grand Prix: Titled Tuesday Blitz"]
[Site "Chess.com"]
[Date "2020.10.13"]
[Round "8"]
[White "elcandado"]
[Black "mjray79"]
[Result "0-1"]
[WhiteElo "2552"]
[BlackElo "2439"]
[TimeControl "180+1"]
[EndTime "11:34:19 PDT"]
[Termination "mjray79 won on time"]

1. d4 Nf6 2. Bf4 g6 3. e3 Bg7 4. Be2 d6 5. Nf3 O-O 6. O-O Nc6 7. h3 e5 8. Bh2 Bf5 9. c3 Re8 10. a4 exd4 11. cxd4 Nb4 12. Na3 c5 13. Nb5 Ne4 14. Nd2 Bf8 15. Nxe4 Bxe4 16. dxc5 dxc5 17. Nc7 Qf6 18.
Nxa8 Rxa8 19. Bf3 Bc2 20. Qd7 Rd8 21. Qxb7 Qxb2 22. Qxa7 Bd3 23. Rfd1 c4 24. Qb6 Re8 25. a5 c3 26. a6 Re6 27. Qb8 Nxa6 28.
Qa8 c2 29. Rdc1 Nc5 30. Bf4 Ra6 31. Qb8 Rb6 32. Qe5 Qxe5 33. Bxe5 Nb3 34. Bd4 Rb8 35. Bd1 Nxc1 36. Bxc2 Ne2+ 37. Kh2 Bxc2 38. Be5 Rd8 39. f4 Bd6 40. g4 Bxe5 41. fxe5 Nc3 42. Kg2 Be4+ 43.
Kg3 Nd5 44. Kh4 f6 45. exf6 Nxf6 46. Kg5 Ne8 47. Kh6 Bd5 48. h4 Bf7 49. g5 Rd3 50.
Ra8 Rxe3 0-1

[Event "*** SCC Grand Prix: Titled Tuesday Blitz"]
[Site "Chess.com"]
[Date "2020.10.13"]
[Round "8"]
[White "Reader777"]
[Black "Jospem"]
[Result "1-0"]
[WhiteElo "2715"]
[BlackElo "2921"]
[TimeControl "180+1"]
[EndTime "11:34:20 PDT"]
[Termination "Reader777 won by resignation"]

1. d4 Nf6 2. c4 e6 3. g3 Bb4+ 4. Nd2 O-O 5. Bg2 d6 6. Nf3 Qe7 7. O-O Bxd2 8. Bxd2 e5 9. dxe5 dxe5 10. Bc3 Nc6 11. Qc2 a5 12. Rfd1 Bg4 13. h3 Bh5 14.
Nh4 Bg6 15. Nxg6 hxg6 16. Qa4 Nd4 17. Bxd4 exd4 18. Bxb7 Rab8 19. Bf3 c5 20. Qxa5 Rxb2 21. Rab1 Rfb8 22. Rxb2 Rxb2 23. a4 Kh7 24. Qe1 Rb4 25.
Ra1 Rxc4 26. a5 Qa7 27. a6 Rb4 28. Qd2 Nd7 29. Qf4 Nf6 30. Qd6 Rb6 31. Qxb6 Qxb6 32.
a7 c4 33. a8=Q d3 34. exd3 cxd3 35. Qa5 Qb2 36. Rd1 Qd4 37. Qd2 Qe5 38. Qxd3 Qc5 39. Qd4 Qe7 40. Kg2 g5 41. Qd3+ Kh6 42. Qe3 Qc7 43.
h4 Nh7 44. hxg5+ Nxg5 45. Rh1+ Kg6 46. Bh5+ Kf6 47. Qf4+ Qxf4 48. gxf4 Ne6 49. Kg3 Nd4 50. Bg4 g6 51. Rd1 Nb5 52. Rd5 Nc3 53. Re5 Na4 54. Kf3 Nb6 55. Ke4 Nc4 56. Rc5 Nd2+ 57. Ke3 Nb3 58. Rd5 Na1 59. Kd3 Ke7 60. Kc3 f5 61. Be2 Ke6 62. Bc4 g5 63. fxg5 1-0

[Event "*** SCC Grand Prix: Titled Tuesday Blitz"]
[Site "Chess.com"]
[Date "2020.10.13"]
[Round "8"]
[White "karwowskikacper"]
[Black "Fischerev7"]
[Result "1-0"]
[WhiteElo "2344"]
[BlackElo "2251"]
[TimeControl "180+1"]
[EndTime "11:34:20 PDT"]
[Termination "karwowskikacper won by checkmate"]

1. f4 g6 2. Nf3 Bg7 3. e3 Nf6 4. b3 O-O 5. Bb2 d6 6. Be2 b6 7. O-O Bb7 8. c4 c5 9. Nc3 Ne4 10. Qc2 Nd7 11. Nxe4 Bxb2 12. Nxd6 Bxf3 13. Bxf3 Bxa1 14.
Nb7 Qc7 15. Rxa1 Rab8 16. d4 Rxb7 17. Bxb7 Qxb7 18. d5 Qc7 19. g3 e6 20. dxe6 fxe6 21. Qe4 Qd6 22. Qc2 Nf6 23. Rd1 Qe7 24. Qd3 Rf7 25. e4 Qd7 26. Qe2 Qc7 27. e5 Nh5 28.
Rd6 Qe7 29. Qf3 Ng7 30. Qa8+ Rf8 31. Qc6 Rf7 32. Qa8+ Ne8 33. Rd3 Kg7 34. Qc6 h5 35. h4 Kh7 36. Qa8 Rf8 37. Qc6 Ng7 38. Kh2 Rd8 39.
Rd6 Rf8 40. Rd7 Qe8 41. Qb7 Rg8 42. Qxa7 Qa8 43. Rxg7+ Rxg7 44. Qxa8 Rg8 45. Qc6 Rg7 46. Qxe6 Ra7 47. Qf6 Rxa2+ 48. Kh3 Ra6 49. Qf7+ Kh6 50. Qf8+ Kh7 51. Qe7+ Kh6 52. Qe8 b5 53. Qh8# 1-0

[Event "*** SCC Grand Prix: Titled Tuesday Blitz"]
[Site "Chess.com"]
[Date "2020.10.13"]
[Round "8"]
[White "Savagelittlemole"]
[Black "Harsha_Bharathakoti"]
[Result "0-1"]
[WhiteElo "2588"]
[BlackElo "2774"]
[TimeControl "180+1"]
[EndTime "11:34:21 PDT"]
[Termination "Harsha_Bharathakoti won by checkmate"]

1. e4 c6 2. d4 d5 3. e5 c5 4. dxc5 e6 5. Be3 Nd7 6. Nf3 Nh6 7. Bd3 Ng4 8. Bd4 Qc7 9. O-O Ngxe5 10. Nxe5 Nxe5 11.
Bxe5 Qxe5 12. Bb5+ Bd7 13. Bxd7+ Kxd7 14. Re1 Qxb2 15. Nd2 Qd4 16. c3 Qxc5 17. Rb1 Qc6 18. Nf3 Bd6 19. Nd4 Qa6 20. Qg4 Rhe8 21. Qxg7 Re7 22. Qxh7 Rc8 23. Nb5 Bb8 24. Re3 Qxa2 25. Rbe1 a6 26. Nd4 Bd6 27. Qh4 Rce8 28. h3 Qc4 29. Qf6 Kc8 30. Nf5 exf5 31. Qxd6 Rxe3 32. fxe3 f4 33. Rf1 fxe3 34. Rxf7 Qc6 35. Qg3 e2 36.
Qe1 Qc5+ 37. Rf2 Qe3 38. Kh2 Qxf2 39. Qxf2 e1=Q 40. Qf5+ Qe6 41. Qd3 Qe5+ 42. Kh1 Qe1+ 43. Kh2 Qe5+ 44. Kh1 Rf8 45. c4 Qe1+ 46. Kh2 Rf1 47.
Qxd5 Rh1# 0-1

[Event "*** SCC Grand Prix: Titled Tuesday Blitz"]
[Site "Chess.com"]
[Date "2020.10.13"]
[Round "8"]
[White "Rodalquilar"]
[Black "Margency"]
[Result "1-0"]
[WhiteElo "2763"]
[BlackElo "2604"]
[TimeControl "180+1"]
[EndTime "11:34:21 PDT"]
[Termination "Rodalquilar won on time"]

1. d4 Nf6 2. Bf4 d5 3. e3 e6 4. Nf3 Bd6 5. Bg3 c5 6. Bb5+ Nc6 7. Nbd2 O-O 8. c3 Be7 9. Bd3 Nh5 10. Ne5 g6 11. f4 cxd4 12. exd4 Nxe5 13. fxe5 Nxg3 14. hxg3 Bg5 15. Nf3 f5 16. Nxg5 Qxg5 17. Qf3 Kg7 18.
Ke2 Bd7 19. a4 h5 20. a5 f4 21. Rh3 Rf7 22. Rah1 Rh8 23. gxf4 Rxf4 24. Rg3 Rxf3 25. Rxg5 Rxd3 26. Kxd3 Bb5+ 27. Kd2 Rf8 28. Rhxh5 Rf2+ 29. Ke3 Re2+ 30. Kf3 Rxb2 31. Rh3 Bd3 32. Ke3 Bf5 33.
Rf3 Rc2 34. Kf4 Be4 35. Rfg3 Rf2+ 36. Ke3 Rc2 37. Kf4 Rf2+ 38. Kg4 Rf1 39. Re3 Rf2 40. Kg3 Rxg2+ 41. Kf4 Rf2+ 42. Kg3 Rf1 43. Kh2 Rh1+ 44.
Kg3 Kh6 45. Rg4 g5 46. Re2 Rg1+ 47. Kh3 1-0

[Event "*** SCC Grand Prix: Titled Tuesday Blitz"]
[Site "Chess.com"]
[Date "2020.10.13"]
[Round "8"]
[White "jamalm2"]
[Black "annacramling"]
[Result "0-1"]
[WhiteElo "1797"]
[BlackElo "2011"]
[TimeControl "180+1"]
[EndTime "11:34:21 PDT"]
[Termination "annacramling won by checkmate"]

1. c4 c5 2. Nf3 Nc6 3. e3 e5 4. d3 Nf6 5. b3 d5 6. cxd5 Nxd5 7. Bb2 Qc7 8. Be2 Be7 9. O-O O-O 10. Nbd2 Rd8 11. a3 Bg4 12. Qc2 Rac8 13. h3 Be6 14.
Nc4 f6 15. Rfd1 b5 16. Ncd2 Na5 17. Rab1 Bf8 18. Bc3 Nxc3 19. Qxc3 Nc6 20. b4 cxb4 21. axb4 Qe7 22. d4 Nxd4 23. Qxc8 Nxe2+ 24. Kf1 Rxc8 25. Kxe2 Rc2 26. Rdc1 Bc4+ 27. Kd1 Rxc1+ 28. Kxc1 Qc7 29. Kd1 h6 30. g4 a5 31. bxa5 Qxa5 32. Nxc4 Qa4+ 33.
Ke1 Qxc4 34. Nd2 Bb4 35. Rd1 Bxd2+ 36. Rxd2 b4 37. f3 b3 38. Kf2 Qc3 39. Rd8+ Kh7 40. Rb8 b2 41. h4 Qc2+ 42. Kg3 b1=Q 43. Rxb1 Qxb1 44. h5 Qg1+ 45. Kh4 Qh2# 0-1

[Event "*** SCC Grand Prix: Titled Tuesday Blitz"]
[Site "Chess.com"]
[Date "2020.10.13"]
[Round "8"]
[White "PavelShkapenko"]
[Black "RaunakSadhwani2005"]
[Result "1/2-1/2"]
[WhiteElo "2737"]
[BlackElo "2945"]
[TimeControl "180+1"]
[EndTime "11:34:24 PDT"]
[Termination "Game drawn by repetition"]

1. e4 c6 2. d4 d5 3. exd5 cxd5 4. Bd3 Nf6 5. c3 Bg4 6. Qb3 Qc7 7. Ne2 Bxe2 8.
Bxe2 e6 9. Nd2 Bd6 10. Nf3 Nbd7 11. O-O O-O 12. Re1 Ne4 13. c4 dxc4 14. Bxc4 Nef6 15.
Bg5 h6 16. Bxf6 Nxf6 17. Rac1 Rac8 18. Rxe6 a6 19. Rc2 fxe6 20. Bxe6+ Kh8 21. Rxc7 Rxc7 22. g3 g5 23. Qd3 Rg7 24. Ne5 Bxe5 25. dxe5 Ng8 26.
Qd6 Ne7 27. Bd5 Ng6 28. Be4 Rfg8 29. Bxg6 Rxg6 30. e6 Re8 31. Qe5+ Kg8 32. e7 b5 33. Kg2 Kf7 34. Qf5+ Rf6 35. Qh7+ Ke6 36. Qe4+ Kd6 37. Qb4+ Kd7 38. Qd4+ Kxe7 39. Qe5+ Kf7 40. Qc7+ Re7 41. Qc2 Kg7 42. Qc3 Rf7 43. Qd4 Kh7 44. h3 h5 45. b4 Kg6 46. Qe4+ Kg7 47. Qd4 Kh6 48. Qe3 Rf5 49. h4 Kg6 50. hxg5 Rxg5 51. Qe6+ Rf6 52.
Qg8+ Kh6 53. Qh8+ Kg6 54. Qg8+ Kf5 55. Qd5+ Kg6 56. Qg8+ 1/2-1/2

[Event "*** SCC Grand Prix: Titled Tuesday Blitz"]
[Site "Chess.com"]
[Date "2020.10.13"]
[Round "8"]
[White "esrosenberg"]
[Black "romulocardoso"]
[Result "0-1"]
[WhiteElo "2296"]
[BlackElo "2106"]
[TimeControl "180+1"]
[EndTime "11:34:24 PDT"]
[Termination "romulocardoso won by checkmate"]

1. d4 Nf6 2. Bg5 e6 3. e4 Be7 4. Bd3 Nxe4 5. Bxe7 Qxe7 6. Bxe4 Qb4+ 7. Nc3 Qxb2 8. Nge2 d5 9. Bd3 c5 10. Rb1 Qa3 11.
Rb3 Qa5 12. Rb5 Qa3 13. Rxc5 Nd7 14. Bb5 b6 15. Rc7 Qd6 16. Rc6 Qb4 17. O-O a6 18. Ba4 b5 19. Bb3 Bb7 20. Rc7 Rb8 21. Re1 Qd6 22.
Rxb7 Rxb7 23. Ng3 O-O 24. Nce2 a5 25. c3 a4 26. Bc2 Nb6 27. Kh1 Nc4 28. Ng1 b4 29. Qd3 g6 30. cxb4 Qxb4 31. h4 Qxe1 32. h5 Qd2 33. Qxd2 Nxd2 34. Bxa4 Ra7 35. Bd1 Rxa2 36. hxg6 fxg6 37. f3 Ra1 38. Bc2 Rc8 39.
Bd3 Rc3 40. Bb5 Rcc1 41. Ne2 Rcb1 42. Bd3 Rb3 43. Bc2 Rb2 44. Bd3 Nc4 45. Kh2 Ne3 46. Kg3 Rxg1 47. Nxg1 Rxg2+ 48. Kf4 Rxg1 49. Kxe3 h5 50. Kf2 Rd1 51. Bxg6 Rxd4 52. Bxh5 Kg7 53.
Bg4 Rxg4 54. fxg4 Kf6 55. Kf3 e5 56. Ke3 Kg5 57. Kf3 e4+ 58. Kg3 d4 59. Kh3 d3 60.
Kg3 d2 61. Kf2 d1=Q 62. Ke3 Qf3+ 63. Kd2 Qd3+ 64. Ke1 Qc2 65. Kf1 e3 66. Kg1 Qf2+ 67.
Kh1 Kh4 68. g5 Kh3 69. g6 Qf1# 0-1

[Event "*** SCC Grand Prix: Titled Tuesday Blitz"]
[Site "Chess.com"]
[Date "2020.10.13"]
[Round "8"]
[White "Falcon28dz"]
[Black "maxip32"]
[Result "1-0"]
[WhiteElo "2300"]
[BlackElo "2409"]
[TimeControl "180+1"]
[EndTime "11:34:26 PDT"]
[Termination "Falcon28dz won by checkmate"]

1. e4 c5 2. Nf3 d6 3. c3 Nf6 4. Bd3 g6 5. Bc2 Bg7 6. h3 O-O 7. O-O Nc6 8. d4 cxd4 9. cxd4 d5 10. e5 Ne4 11. Nc3 Nxc3 12. bxc3 Bd7 13. Rb1 Na5 14. Bd3 Rc8 15. Bd2 b6 16. Re1 Nc4 17. Bg5 h6 18. Bf4 Be6 19. Nd2 Na5 20. Rc1 Qd7 21. Qe2 Nc4 22.
Nxc4 dxc4 23. Be4 Bd5 24. Bb1 e6 25. Qe3 Kh7 26. h4 Qc6 27. f3 b5 28. Kf2 h5 29.
Bg5 a5 30. g4 hxg4 31. h5 Bxf3 32. Qf4 Kg8 33. Bf6 g3+ 34. Kxg3 Bxh5 35. Rh1 Bxf6 36. Qxf6 Rfd8 37. Rxh5 gxh5 38. Kh4 Kf8 39. Rg1 Rc7 40. Qxd8+ Qe8 41. Rg8+ Kxg8 42. Qxe8+ Kg7 43. Qd8 Rb7 44. Qf6+ Kf8 45. Bg6 b4 46. cxb4 axb4 47. Qh8+ Ke7 48. Bxf7 Kd7 49. Qf6 Kc7 50. Qxe6 c3 51. Qc4+ Kb8 52.
Bd5 Rc7 53. Qb5+ Kc8 54. Qe8# 1-0

[Event "*** SCC Grand Prix: Titled Tuesday Blitz"]
[Site "Chess.com"]
[Date "2020.10.13"]
[Round "8"]
[White "MF1966Idrisov"]
[Black "BeanScreen"]
[Result "0-1"]
[WhiteElo "2339"]
[BlackElo "2698"]
[TimeControl "180+1"]
[EndTime "11:34:27 PDT"]
[Termination "BeanScreen won on time"]

1. Nf3 d5 2. b3 Nf6 3. Bb2 Bf5 4. e3 e6 5. d4 Bd6 6. Bd3 Bg6 7. O-O O-O 8. Ne5 Nbd7 9. Nxg6 hxg6 10. c4 c6 11. Nc3 a6 12. e4 dxe4 13. Nxe4 Nxe4 14. Bxe4 Qh4 15. Re1 Qxh2+ 16. Kf1 Rad8 17. g3 e5 18. Bg2 Bb4 19. Re2 exd4 20. Qxd4 Nf6 21. Qb6 Bd6 22. Qxb7 Nh5 23. Qxc6 Bxg3 24. Qf3 Rfe8 25. Rae1 Rxe2 26.
Rxe2 Rd1+ 27. Re1 Rxe1+ 28. Kxe1 Be5 29. Bc1 Bf6 30. Be3 Qe5 31. Bf1 Qa1+ 32. Qd1 Bc3+ 33. Ke2 Qxa2+ 34. Kd3 Bf6 35. c5 Qb2 36. Qc2 Qe5 37.
c6 Qf5+ 38. Kd2 Qc8 39. Bg2 Be5 40. Qd3 Qc7 41. Qd7 Qa5+ 42. Ke2 Qb5+ 43. Kf3 Nf6 44. Qc8+ Kh7 45. Qh3+ Nh5 46. Qd7 Qxb3 0-1